 Dungeon Crawl Stone Soup version 0.30-a0-830-gfe289a77b0 (webtiles) character file.

Game seed: 16167031710253537713

4222 zenocrate the Skirmisher (level 10, -1/67 HPs)
             Began as a Formicid Hunter on Feb 28, 2023.
             Was a Follower of Makhleb.
             Slain by a yak (8 damage)
             ... on level 7 of the Dungeon.
             The game lasted 00:10:41 (6101 turns).

zenocrate the Skirmisher (Formicid Hunter)          Turns: 6101, Time: 00:10:42

Health: -1/67      AC: 17    Str: 17    XL:     10   Next: 55%
Magic:  10/10      EV: 12    Int: 11    God:    Makhleb [*.....]
Gold:   131        SH:  0    Dex: 27    Spells: 9/9 levels left

rFire   . . .      SeeInvis +    a - +1 shortbow
rCold   + . .      Faith    .    (no shield)
rNeg    . . .      Spirit   .    e - +9 ring mail of Daete {rElec rC+ Int+3}
rPois   +          Reflect  .    (helmet unavailable)
rElec   +          Harm     .    i - +0 cloak
rCorr   .          Rampage  .    (no gloves)
Will    +....                    d - +1 pair of boots
Stlth   ++                       (no amulet)
HPRegen 0.31/turn                g - +6 ring of dexterity
MPRegen 0.12/turn                j - ring of poison resistance

@: lethally poisoned (-1 -> -2)
A: permanent stasis, dig shafts and tunnels, antennae 3, four strong arms
a: Dig, Shaft Self, Renounce Religion


You were on level 7 of the Dungeon.
You worshipped Makhleb.
Makhleb was aware of your devotion.
You visited 2 branches of the dungeon, and saw 9 of its levels.

You collected 503 gold pieces.
You spent 372 gold pieces at shops.

Inventory:

Hand Weapons
 a - a +1 shortbow (weapon)
Armour
 d - a +1 pair of boots (worn)
 e - the +9 ring mail of Daete (worn) {rElec rC+ Int+3}
   (You found it on level 2 of the Dungeon)

   Int:       It affects your intelligence (+3).
   rC:        It protects you from cold.
   rElec:     It insulates you from electricity.
 i - a +0 cloak (worn)
Jewellery
 g - a +6 ring of dexterity (left hand)
 j - a ring of poison resistance (right hand)
 m - a +5 ring of evasion
 n - a ring of protection from fire
Scrolls
 b - 2 scrolls of immolation
 q - a scroll of torment
Potions
 c - 5 potions of flight
 f - 2 potions of magic
 h - a potion of ambrosia
 k - a potion of heal wounds
 l - a potion of curing
 o - 3 potions of attraction
 p - a potion of mutation
 r - a potion of resistance
 s - 3 potions of might {unknown}
 t - 2 potions of invisibility
 u - 3 potions of lignification {unknown}
 v - a potion of berserk rage {unknown}


   Skills:
 - Level 2.1 Fighting
 + Level 14.8 Ranged Weapons
 - Level 2.0 Armour
 - Level 1.7 Dodging
 - Level 1.2 Stealth


You had 9 spell levels left.
You didn't know any spells.
Your spell library contained the following spells:

 Spells                   Type           Power      Damage    Failure   Level
 Apportation              Tloc           0%         N/A       54%         1
 Necrotise                Necr           0%         1d4       54%         1
 Summon Small Mammal      Summ           0%         N/A       54%         1
 Hailstorm                Conj/Ice       0%         3d3       88%         3
 Stone Arrow              Conj/Erth      0%         3d7       88%         3
 Airstrike                Air            0%         2d(0-16)  99%         4
 Animate Armour           Summ/Erth      0%         N/A       99%         4
 Ice Form                 Ice/Tmut       0%         N/A       99%         4
 Summon Lightning Spire   Summ/Air       0%         N/A       99%         4
 Lightning Bolt           Conj/Air       0%         1d11      100%        5
 Simulacrum               Ice/Necr       0%         N/A       100%        6
 Lehudib's Crystal Spear  Conj/Erth      0%         10d2      100%        8


Dungeon Overview and Level Annotations

Branches:
Dungeon (8/15)             Temple (1/1) D:5
   Lair: D:8-11

Altars:
Ashenzari
Cheibriados
Dithmenos
Elyvilon
Gozag
Hepliaklqana
Makhleb
Nemelex Xobeh
Okawaru
Qazlal
Ru
Sif Muna
Trog
Uskayaw
Vehumet
Xom
Yredelemnul
Zin
The Shining One

Shops:
D:1 [   D:6 !!(=   D:7 *

Annotations:
D:3 3 runed translucent doors, tarna41's ghost, amateur SpCj


Innate Abilities, Weirdness & Mutations

You cannot be hasted, slowed, berserked, paralysed or teleported.
You can dig through walls and to a lower floor.
You have a pair of large antennae on your head. (SInv)
Your four strong arms can wield two-handed weapons with a shield.


Message History

The scorpion stings you.
* * * LOW HITPOINT WARNING * * *
The yak gores you but does no damage. x2
The bullfrog hits you but does no damage.
You shoot an arrow. The arrow hits the bullfrog!
The bullfrog is almost dead.
You feel sick. The scorpion misses you.
The bullfrog hits you but does no damage.
The yak gores you!
* * * LOW HITPOINT WARNING * * *
The yak closely misses you.
You shoot an arrow. The arrow hits the bullfrog!
You kill the bullfrog!
Makhleb accepts your kill.
You feel sick.
The scorpion stings you but does no damage.
The yak misses you. The yak gores you but does no damage.
You shoot an arrow. The arrow hits the scorpion.
The scorpion is lightly wounded.
You feel sick. The scorpion closely misses you. The yak closely misses you.
The yak misses you. The scorpion closely misses you.
You shoot an arrow.
The arrow hits the scorpion but does no damage.
The scorpion is lightly wounded.
You feel sick.
The scorpion stings you but does no damage.
You shoot an arrow.
The arrow hits the scorpion but does no damage.
The scorpion is lightly wounded.
You feel sick. The yak closely misses you. x2
The scorpion stings you but does no damage.
You shoot an arrow. The arrow hits the scorpion!
The scorpion is almost dead.
The yak barely misses you. The yak closely misses you.
The scorpion stings you but does no damage.
You shoot an arrow. The arrow hits the scorpion.
You kill the scorpion!
Makhleb accepts your kill.
You feel sick. The yak gores you!
You die...

#.........#......#........#....
#.........#......#........#....
###.........#......#........#...)
.......######......#........#....
.......#...........#........###'#
.......#...........#........#....
.......#...........#........#....
.......#.......†YY.#........'....
.......#.....)..@..'........#....
.......#..###..##..#........###.#
########..###..############......
#.<............+.....#....#......
#..............#.....#....#......
#.....)........#.....'....#......
#...#####'##...#....#######......
....##....##...#....##....#......
#..............#..........#......


You could see 2 yaks.

Vanquished Creatures
  Pikel (D:7)
  The ghost of tgirl the Chucker, a novice DsGl of Wu Jian (D:6)
  4 yaks
  Eustachio (D:4)
  An acid dragon (D:6)
  2 water moccasins (D:6)
  2 sky beasts
  An ice beast (D:7)
  2 black bears (D:8)
  An ogre (D:7)
  A centaur (D:7)
  A lemure (D:7)
  3 kobold brigands
  8 bullfrogs
  5 scorpions
  A necrophage (D:7)
  4 wights (D:5)
  A hound (D:5)
  A gnoll bouda (D:7)
  3 jellies
  Crazy Yiuf (D:7)
  5 iguanas
  5 gnolls (D:7)
  13 adders
  A white imp (D:7)
  4 worms
  3 dart slugs
  2 orcs (D:5)
  12 ball pythons
  8 endoplasms
  4 giant cockroaches
  6 goblins
  7 hobgoblins
  4 jackals (D:1)
  6 quokkas
  2 bats (D:2)
  7 frilled lizards
  31 kobolds
  4 rats
169 creatures vanquished.

Vanquished Creatures (others)
  32 fungi (D:8)
  91 plants
123 creatures vanquished.

Grand Total: 292 creatures vanquished

Notes
Turn   | Place    | Note
-------+----------+-------------------------------------------
     0 | D:1      | zenocrate the Formicid Hunter began the quest for the Orb.
     0 | D:1      | Reached XP level 1. HP: 16/16 MP: 1/1
   141 | D:1      | Reached XP level 2. HP: 22/22 MP: 2/2
   297 | D:1      | Reached XP level 3. HP: 27/27 MP: 3/3
   395 | D:1      | Reached skill level 5 in Ranged Weapons
   445 | D:1      | Found Vufumubo's Antique Armour Emporium.
   871 | D:2      | Identified the +9 ring mail of Daete {rElec rC+ Int+3}
  1018 | D:2      | Reached XP level 4. HP: 33/33 MP: 4/4
  1061 | D:2      | Reached skill level 1 in Armour
  1197 | D:2      | Found a faded altar of an unknown god.
  1825 | D:3      | Reached XP level 5. HP: 38/38 MP: 5/5
  2075 | D:3      | Found a runed translucent gate.
  2076 | D:3      | Found a runed translucent gate.
  2076 | D:3      | Found a runed translucent gate.
  2104 | D:3      | Noticed tarna41's ghost (amateur SpCj)
  2307 | D:4      | Reached skill level 6 in Ranged Weapons
  2345 | D:4      | Reached XP level 6. HP: 44/44 MP: 6/6
  2620 | D:4      | Identified the +0 scale mail of Relativism {Str+6 Stlth+}
  2642 | D:4      | Noticed Eustachio
  2651 | D:4      | Killed Eustachio
  2652 | D:4      | Reached skill level 7 in Ranged Weapons
  2680 | D:4      | Reached XP level 7. HP: 50/50 MP: 7/7
  2683 | D:4      | Found a shimmering altar of Xom.
  2687 | D:4      | Found a shimmering altar of Xom.
  2687 | D:4      | Found a shimmering altar of Xom.
  2687 | D:4      | Found a shimmering altar of Xom.
  2688 | D:4      | Found a shimmering altar of Xom.
  2690 | D:4      | Found a shimmering altar of Xom.
  2869 | D:4      | Reached skill level 8 in Ranged Weapons
  3177 | D:5      | Entered Level 5 of the Dungeon
  3246 | D:5      | Found a snail-covered altar of Cheibriados.
  3465 | D:5      | Found a burning altar of Makhleb.
  3510 | D:5      | Reached skill level 9 in Ranged Weapons
  3510 | D:5      | Reached XP level 8. HP: 55/56 MP: 8/8
  3748 | D:5      | Found a staircase to the Ecumenical Temple.
  3758 | Temple   | Entered the Ecumenical Temple
  3986 | D:5      | Became a worshipper of Makhleb the Destroyer
  4111 | D:5      | Found a white marble altar of Elyvilon.
  4333 | D:6      | Found Hisub's Jewellery Shoppe.
  4335 | D:6      | Reached skill level 10 in Ranged Weapons
  4355 | D:6      | Found Itel's Distillery.
  4371 | D:6      | Bought a potion of invisibility for 104 gold pieces
  4371 | D:6      | Bought a potion of invisibility for 104 gold pieces
  4371 | D:6      | Bought a potion of heal wounds for 65 gold pieces
  4371 | D:6      | Bought a potion of curing for 39 gold pieces
  4379 | D:6      | Found Leud's Distillery.
  4387 | D:6      | Bought a potion of heal wounds for 60 gold pieces
  4448 | D:6      | Reached skill level 11 in Ranged Weapons
  4448 | D:6      | Reached XP level 9. HP: 30/61 MP: 9/9
  4734 | D:6      | Found a runed translucent door.
  4736 | D:6      | Found Koallapa's Antique Weapon Emporium.
  4791 | D:6      | Noticed tgirl's ghost (novice DsGl)
  4892 | D:6      | Killed tgirl's ghost
  4893 | D:6      | Reached skill level 12 in Ranged Weapons
  5107 | D:7      | Reached * piety under Makhleb
  5283 | D:7      | Noticed Pikel
  5306 | D:7      | Killed Pikel
  5307 | D:7      | Reached skill level 13 in Ranged Weapons
  5307 | D:7      | Reached XP level 10. HP: 30/67 MP: 10/10
  5729 | D:7      | Found Zush's Serpentskin Sales.
  5766 | D:7      | Reached skill level 14 in Ranged Weapons
  5924 | D:7      | Found a runed translucent door.
  5925 | D:7      | Noticed Crazy Yiuf
  5932 | D:7      | Killed Crazy Yiuf
  6081 | D:7      | HP: 1/67 [yak (12)]
  6101 | D:7      | Slain by a yak

Illustrated notes

Levels and vault maps discovered:
D:1:      minmay_arrival_four_loops, layout_loops_ring, serial_shops, shop
D:2:      layout_basic, shapermc_ecumenical_altar_gd,
          nicolae_concentric_dashed_squares_wild,
          wander_ebering_terrifying_dragon_lair
D:3:      layout_basic, gammafunk_ghost_icy
D:4:      kennysheep_kobold_camp, layout_rooms, xom_redecorated,
          minmay_misc_feat_chi, minmay_unequal, uniq_eustachio
D:5:      layout_rooms, nicolae_elyvilon_temple_path, general_overflow_altar,
          lemuel_round_altar, minmay_temple_entry_nine_rooms
D:6:      layout_rooms, serial_shops, shop_statue, nicolae_shop_behind_doors,
          shop_statue, nicolae_shop_statue_plus, ebering_ghost_sewer_d
D:7:      layout_gridville, guppyfry_shop_venom, uniq_crazy_yiuf_cottage,
          uniq_pikel
D:8:      layout_cave_pools, due_lair_maze_entry_diamond
Temple:   bh_familiar_temple

Skill      XL: |  1  2  3  4  5  6  7  8  9 10 |
---------------+-------------------------------+-----
Ranged Weapons | 5 6 7 9 11 13 14 | 14.8
Armour         | 1 2 |  2.0
Fighting       | |  2.1
Dodging        | |  1.7
Stealth        | |  1.2

Action                     |  1- 3 |  4- 6 |  7- 9 | 10-12 || total
---------------------------+-------+-------+-------+-------++-------
   Fire: Shortbow          |    79 |   134 |   351 |   111 ||   675
    Use: Scroll            |     4 |     8 |     5 |     1 ||    18
         Potion            |       |       |     1 |     6 ||     7
 Armour: Leather armour    |     6 |       |       |       ||     6
         Ring mail         |     3 |    28 |   116 |    57 ||   204
  Dodge: Dodged            |    19 |    32 |   130 |    81 ||   262

Table legend: (Time is in decaauts)
 A = Elapsed time spent in this place.
 B = Non-inter-level travel time spent in this place.
 C = Inter-level travel time spent in this place.
 D = Time resting spent in this place.
 E = Time spent auto-exploring this place.
 F = Levels seen in this place.
 G = Mean time per level.
                   A        B        C        D        E       F      G
               +--------+--------+--------+--------+--------+-----+--------+
         Total |   6176 |   5989 |    187 |    116 |   4528 |   9 |  686.2 |
       Dungeon |   6013 |   5853 |    160 |    116 |   4394 |   8 |  751.6 |
        Temple |    162 |    136 |     26 |      0 |    134 |   1 |  162.0 |
               +--------+--------+--------+--------+--------+-----+--------+

Top non-repeatable levels by time:
     D:7: 961 daAuts
     D:5: 922 daAuts
     D:4: 905 daAuts
     D:2: 888 daAuts
     D:1: 776 daAuts
     D:6: 774 daAuts
     D:3: 683 daAuts
  Temple: 162 daAuts
     D:8: 102 daAuts
